AoeStats
← Mhafiki

Arabian Desert

508537969Analyzed
1v1 RM · 8d ago on Sep 22, 2026· 21m 13s· 2 players
Game mode
Random Map
Map size
Tiny (2 player)
Population
200
Speed
Normal
Resources
Standard
Victory
Conquest
Starting age
Dark Age
Ending age
Imperial Age
RankedLock teamsTeams togetherTeam positionsShared explorationLock speedFull tech treeHidden civsTurbo modeCheats
Victory
Defeat
🇺🇸 Random · United States
1171
+14
🇺🇸 Japanese · United States
1138
-14
abhi120
10:58 Loom
14:17 Feudal Age
14:38 Horse Collar
14:46 Double-Bit Axe
Mhafiki
5:31 Loom
9:57 Feudal Age
12:11 Double-Bit Axe
15:10 Fletching
20:42 Castle Age
20:13 Padded Archer Armor
21:24 Bodkin Arrow
Connection lost

Rejoining the realm…

Still unreachable

The connection could not be restored.

Session expired

The server has moved on; the page needs a fresh start.